Map: Tours du crépuscule

Players

zidar - Winner!

  • Race: Zerg Zerg
  • League: Gold
  • Spawn Location: 7:00

mZero

  • Race: Zerg Zerg
  • League: Silver
  • Spawn Location: 1:00

VOD

Have the link to the VOD?

Description

Time

  • Played on: June 16, 2016, 11:20 a.m.
  • Length: 4:09
Show
View Real Time Build Order
Export as new Build Order

zidar Zerg - Winner!

Build Orders: Pool First 

Get SALT Encoding   

  12  0:01  Drone  
  13  0:12  Overlord  
  13  0:17  Drone  
  13  0:20  Extractor  
  13  0:23  Drone  
  14  0:43  Spawning Pool  
  14  0:46  Drone  
  14  0:53  Drone  
  14  0:56  Drone  
  16  1:06  Overlord  
  16  1:30  Queen, Zergling x2  
  16  1:32  Zergling x4  
  21  1:38  Metabolic Boost  
  21  1:51  Zergling x2  
  22  1:55  Zergling x2  
  23  2:06  Zergling x2  
  24  2:13  Overlord  
  24  2:25  Zergling x2  
  25  2:35  Zergling x2  
  26  2:42  Zergling x6  
  29  2:50  Zergling x2  
  30  2:58  Hatchery  
  29  3:12  Zergling x4  
  31  3:27  Zergling x2  
  28  3:51  Zergling x10  
Show
View Real Time Build Order
Export as new Build Order

mZero Zerg 

Build Orders: Hatch First 

Get SALT Encoding   

  12  0:02  Drone  
  13  0:12  Overlord  
  13  0:17  Drone  
  14  0:30  Drone x2  
  14  0:35  Drone  
  17  0:53  Hatchery  
  17  0:55  Drone  
  17  1:00  Drone  
  18  1:04  Extractor  
  18  1:09  Drone  
  18  1:18  Spawning Pool  
  18  1:21  Drone  
  18  1:29  Drone  
  19  1:39  Drone  
  20  1:51  Overlord  
  20  2:05  Metabolic Boost  
  20  2:07  Queen  
  22  2:09  Queen  
  22  2:11  Zergling x4  
  26  2:16  Overlord  
  26  2:31  Roach Warren  
  26  2:34  Overlord  
  26  2:36  Zergling x2  
  26  2:38  Zergling x2  
  26  2:42  Zergling x2  
  28  2:54  Overlord  
  28  2:55  Overlord  
  28  3:16  Roach x4  
  36  3:22  Roach  
  31  3:46  Spine Crawler  
  31  3:47  Spine Crawler  
  25  3:50  Roach, Spine Crawler  
Tags
 
Add a new tag
Caveats
  • Supply blocks, unpowered buildings, or Contaminate may cause inaccurate times.
  • Supply counts are checked every 10 seconds.